 Dungeon Crawl Stone Soup version 0.29.1-15-g9cfb28693d (webtiles) character file.

Game seed: 16439390585514501871

707 croobank the Firebug (level 7, -4/52 HPs)
             Began as a Demonspawn Fire Elementalist on Apr 10, 2023.
             Slain by a gnoll
             ... wielding a +0 flail
             ... led by a gnoll bouda
              (7 damage)
             ... on level 4 of the Dungeon.
             The game lasted 00:17:58 (4574 turns).

croobank the Firebug (Demonspawn Fire Elementalist) Turns: 4574, Time: 00:17:58

Health: -4/52      AC:  3    Str:  8    XL:     7   Next: 40%
Magic:  15/20      EV: 12    Int: 19    God:
Gold:   253        SH:  0    Dex: 13    Spells: 5/12 levels left

rFire   . . .      SeeInvis .   d - staff of conjuration
rCold   . . .      Faith    .   (no shield)
rNeg    . . .      Spirit   .   a - +0 robe
rPois   .          Reflect  .   (no helmet)
rElec   .          Harm     .   (no cloak)
rCorr   .          Rampage  .   (no gloves)
Will    .....                   p - +0 pair of boots
Stlth   ++........              (no amulet)
HPRegen 0.17/turn               k - ring of magical power
MPRegen 0.34/turn               (no ring)

@: no status effects
A: demonic guardian 3, magic regeneration, sturdy frame 1
a: no special abilities


You were on level 4 of the Dungeon.
You visited 1 branch of the dungeon, and saw 5 of its levels.

You collected 253 gold pieces.

Inventory:

Hand Weapons
 h - a +0 spear
 j - a +0 trident
 m - a +1 hand axe
 r - a +0 dagger
Missiles
 w - 5 poisoned darts (quivered)
Armour
 a - a +0 robe (worn)
 f - a +0 ring mail
 p - a +0 pair of boots (worn)
Magical Staves
 d - a staff of conjuration (weapon)
Jewellery
 k - a ring of magical power (left hand)
 s - a ring of ice
Scrolls
 i - 4 scrolls of enchant weapon
 x - 2 scrolls of amnesia
Potions
 c - a potion of cancellation
 e - 6 potions of curing
 g - 2 potions of flight
 n - 2 potions of mutation {unknown}
 o - a potion of degeneration {unknown}
 q - a potion of resistance {unknown}
 u - a potion of haste {unknown}


   Skills:
 * Level 3.3 Fighting
 * Level 3.0 Staves
 + Level 3.0 Dodging
 + Level 3.4 Stealth
 + Level 3.1 Spellcasting
 + Level 2.8 Conjurations
 + Level 3.6 Fire Magic


You had 5 spell levels left.
You knew the following spells:

 Your Spells              Type           Power      Damage    Failure   Level
a - Foxfire               Conj/Fire      92%        2x1d8     4%          1
b - Scorch                Fire           34%        2d7       4%          2
c - Flame Wave            Conj/Fire      23%        2d8       36%         4

Your spell library contained the following spells:

 Spells                   Type           Power      Damage    Failure   Level
 Conjure Flame            Conj/Fire      23%        6-21      12%         3
 Inner Flame              Hex/Fire       10%        N/A       22%         3


Dungeon Overview and Level Annotations

Branches:
Dungeon (5/15)
 Temple: D:4-7

Altars:
Yredelemnul


Innate Abilities, Weirdness & Mutations

A powerful demonic guardian rushes to your aid.
You regenerate magic rapidly.
Your movements are slightly less encumbered by armour. (ER -2)


Message History

* * * LOW HITPOINT WARNING * * *
There is a stone staircase leading up, spattered with blood here.
Okay, then.
Okay, then.
The gnoll hits you from afar with a +0 spear.
* * * LOW HITPOINT WARNING * * *
A demonic guardian appears!
The gnoll closely misses you. The gnoll hits you with a +0 flail.
* * * LOW HITPOINT WARNING * * *
The hound bites you but does no damage.
You climb upwards.
There is a stone staircase leading down, spattered with blood here.
Okay, then.
You feel better. The hound barely misses you. The gnoll barely misses you.
The gnoll hits you with a +0 flail.
* * * LOW HITPOINT WARNING * * *
The hound closely misses you.
Casting: Scorch (safe; 4% risk of failure)
Confirm with . or Enter, or press ? or * to list all spells.
Flames lash the gnoll.
The gnoll is moderately wounded.
The gnoll's fire resistance burns away.
The gnoll hits you with a +0 club.
* * * LOW HITPOINT WARNING * * *
The gnoll misses you. The hound barely misses you.
Casting: Scorch (safe; 4% risk of failure)
Confirm with . or Enter, or press ? or * to list all spells.
Flames lash the gnoll.
The gnoll is heavily wounded.
The gnoll's fire resistance burns away.
The hound bites you.
* * * LOW HITPOINT WARNING * * *
The gnoll hits you but does no damage. The gnoll closely misses you.
The hound barely misses you.
Casting: Scorch (safe; 4% risk of failure)
Confirm with . or Enter, or press ? or * to list all spells.
Flames lash the hound.
The hound is severely wounded.
The hound's fire resistance burns away.
The gnoll hits you with a +0 club.
* * * LOW HITPOINT WARNING * * *
The gnoll hits you with a +0 flail!
You die...

#..#......# ##..#......#
#...#.....## . #..#.....#
.. ##........# ...##
##.........# .....##
##.........## .......##
##.[.#......#
.........###g@.######...#
...$.†......hg## ##..#
............÷..# #..# #
#..............## ..# ###
#..............# ...##..
#..............## ..####.
##...............# ##
##.......###.....## #
##........# ##.....# #


You could see a hound (combustible) and 2 gnolls.

Vanquished Creatures
  Menkaure (D:4)
  A scorpion (D:4)
  A howler monkey (D:4)
  3 hounds
  A jelly (D:4)
  A gnoll bouda (D:4)
  3 iguanas
  Terence (D:3)
  Natasha (twice) (D:4)
  5 gnolls
  4 adders
  3 worms
  3 dart slugs
  7 endoplasms
  3 giant cockroaches
  8 hobgoblins
  8 jackals
  5 kobolds
  4 quokkas
  7 ball pythons
  5 bats
  3 frilled lizards (D:1)
  6 goblins
  8 rats
93 creatures vanquished.

Vanquished Creatures (collateral kills)
  A dart slug (D:1)
1 creature vanquished.

Vanquished Creatures (others)
  214 foxfires
214 creatures vanquished.

Grand Total: 308 creatures vanquished

Notes
Turn   | Place    | Note
-------+----------+-------------------------------------------
     0 | D:1      | croobank the Demonspawn Fire Elementalist began the quest
                  | for the Orb.
     0 | D:1      | Reached XP level 1. HP: 13/13 MP: 3/3
   263 | D:1      | Gained mutation: Your movements are slightly less
                  | encumbered by armour. (ER -2) [demonic ancestry]
   263 | D:1      | Reached XP level 2. HP: 19/19 MP: 1/5
   266 | D:1      | Learned a level 2 spell: Scorch
   837 | D:1      | Gained mutation: A weak demonic guardian rushes to your
                  | aid. [demonic ancestry]
   837 | D:1      | Reached XP level 3. HP: 21/25 MP: 3/6
  2535 | D:3      | Reached skill level 1 in Fighting
  2604 | D:3      | Reached skill level 1 in Staves
  2604 | D:3      | Gained mutation: You regenerate magic rapidly. [demonic
                  | ancestry]
  2604 | D:3      | Reached XP level 4. HP: 32/32 MP: 1/7
  2609 | D:3      | Learned a level 4 spell: Flame Wave
  2702 | D:3      | Noticed Terence
  2710 | D:3      | Killed Terence
  2957 | D:3      | Gained mutation: A demonic guardian rushes to your aid.
                  | [demonic ancestry]
  2957 | D:3      | Reached XP level 5. HP: 37/37 MP: 1/8
  3984 | D:4      | Reached XP level 6. HP: 44/44 MP: 5/10
  4093 | D:4      | Found a basalt altar of Yredelemnul.
  4095 | D:4      | Noticed a profane servitor
  4102 | D:4      | Noticed an angel
  4203 | D:4      | Noticed Menkaure
  4206 | D:5      | Entered Level 5 of the Dungeon
  4309 | D:4      | Noticed Natasha
  4331 | D:4      | Killed Natasha
  4335 | D:4      | Gained mutation: A powerful demonic guardian rushes to your
                  | aid. [demonic ancestry]
  4335 | D:4      | Reached XP level 7. HP: 16/52 MP: 9/11
  4348 | D:4      | Killed Menkaure
  4490 | D:4      | Noticed Natasha
  4495 | D:4      | Killed Natasha
  4574 | D:4      | Slain by a gnoll

Illustrated notes

Levels and vault maps discovered:
D:1:      lightli_arrival_chessboard, layout_loops_ring, minmay_tetromino_i2
D:2:      layout_rooms
D:3:      layout_loops_ring, uniq_terence
D:4:      dreamdust_elfheim, layout_layer_cave, grunt_temple_overflow_holy_war,
          minmay_vboxes, uniq_natasha, uniq_menkaure
D:5:      layout_layer_cave, gup_ossuary_entry_pyramid

Skill      XL: |  1  2  3  4  5  6  7 |
---------------+----------------------+-----
Stealth        | 2 3 |  3.4
Dodging        | 2 3 |  3.0
Fire Magic     | 3 |  3.6
Fighting       | 1 2 3 |  3.3
Staves         | 1 2 3 |  3.0
Conjurations   | 2 |  2.8
Spellcasting   | 3 |  3.1

Action                   |  1- 3 |  4- 6 |  7- 9 || total
-------------------------+-------+-------+-------++-------
Melee: Unarmed           |     2 |       |       ||     2
       Staff             |    18 |    15 |     2 ||    35
Throw: Throwing net      |       |     1 |       ||     1
 Cast: Foxfire           |    59 |    59 |     8 ||   126
       Scorch            |    14 |    32 |     7 ||    53
  Use: Scroll            |     7 |     5 |       ||    12
       Potion            |       |     4 |     3 ||     7
Armor: Robe              |     8 |     9 |     3 ||    20
Dodge: Dodged            |    24 |    39 |    12 ||    75
